 Dungeon Crawl Stone Soup version 0.24.0-123-gd5b16e6ec5 (webtiles) character file.

Game seed: 11364553178915370200, levelgen mode: deterministic

4960 FishyPogo the Ducker (level 10, 0/86 HPs)
             Began as a Red Draconian Chaos Knight on Dec 21, 2019.
             Was a Plaything of Xom.
             Killed from afar by an orc wizard (3 damage)
             ... with a magic dart
             ... on level 9 of the Dungeon.
             The game lasted 00:58:13 (7864 turns).

FishyPogo the Ducker (Red Draconian Chaos Knight)   Turns: 7864, Time: 00:58:14

Health: 0/86       AC: 13    Str: 16    XL:     10   Next: 28%
Magic:  12/12      EV: 18    Int: 12    God:    Xom [..*...]
Gold:   701        SH:  0    Dex: 18    Spells: 6/11 levels left

rFire    + . .     SeeInvis .   e - +4 war axe (chaos)
rCold    . . .     Gourm    .   (no shield)
rNeg     . . .     Faith    .   (armour unavailable)
rPois    +         Spirit   .   (helmet restricted)
rElec    .         Reflect  .   D - +2 cloak {rPois}
rCorr    +         Harm     .   p - +2 pair of gloves
MR       .....     Rnd*Rage +   (no boots)
Stlth    +.........             (no amulet)
HPRegen  0.24/turn              n - +5 ring of dexterity
MPRegen  0.13/turn              G - ring of resist corrosion

@: short of breath
A: breathe fire, unfitting armour, hooves 1, berserk 1, blurry vision 1, fire
resistance 1, low mp 1, cold-blooded, AC +7
a: Breathe Fire, Renounce Religion


You were on level 9 of the Dungeon.
You worshipped Xom.
You were a toy of Xom.
You were hungry.

You visited 1 branch of the dungeon, and saw 9 of its levels.
You also visited: Bailey.

You collected 701 gold pieces.

Inventory:

Hand Weapons
 a - a +1 short sword of chaos
 b - a +2 dagger of protection
 e - a +4 war axe of chaos (weapon)
Missiles
 c - 23 poisoned darts
 g - 10 stones
 l - 4 atropa-tipped darts (quivered)
 v - 69 boomerangs
Armour
 p - a +2 pair of gloves (worn)
 D - a +2 cloak of poison resistance (worn)
Jewellery
 d - an uncursed ring of protection from cold
 n - a +5 ring of dexterity (left hand)
 G - a ring of resist corrosion (right hand)
Wands
 u - a wand of polymorph (6)
Scrolls
 f - 9 scrolls of identify
 h - 2 scrolls of magic mapping
 i - 2 scrolls of fear
 k - a scroll of enchant weapon
 w - a scroll of blinking
 x - 2 scrolls of holy word
 y - a scroll of immolation
 z - 4 scrolls of remove curse
 A - a scroll of teleportation
 C - 3 scrolls of enchant armour
Potions
 m - a potion of magic
 o - 2 potions of lignification
 r - a potion of resistance
 B - a potion of flight
Comestibles
 j - 13 chunks of flesh
 s - 17 rations


   Skills:
 - Level 7.1 Fighting
 - Level 6.3 Short Blades
 - Level 5.0 Axes
 - Level 3.0 Throwing
 * Level 7.8 Dodging
 - Level 1.0 Spellcasting
 - Level 3.0 Charms
 + Level 3.0 Necromancy
 - Level 3.0 Translocations
 + Level 4.7 Evocations


You had 6 spell levels left.
You knew the following spells:

 Your Spells              Type           Power        Failure   Level  Hunger
h - Regeneration          Chrm/Necr      #.........   26%         3    ####...
p - Shroud of Golubria    Chrm/Tloc      #.....       13%         2    ###....

Your spell library contained the following spells:

 Spells                   Type           Power        Failure   Level  Hunger
 Infusion                 Chrm           #...         9%          1    ##.....
 Song of Slaying          Chrm           #.......     13%         2    ###....
 Summon Butterflies       Summ           #.......     30%         1    ##.....
 Spectral Weapon          Hex/Chrm       #.......     43%         3    ####...
 Call Canine Familiar     Summ           #.......     65%         3    ####...
 Summon Ice Beast         Ice/Summ       #.......     96%         4    #####..
 Summon Mana Viper        Hex/Summ       #.......     100%        5    ######.
 Summon Hydra             Summ           #.........   100%        7    #######


Dungeon Overview and Level Annotations

Branches:
Dungeon (9/15)             Temple (0/1) D:4          Bailey (visited)
   Lair: D:8-11         Orc: D:9-12

Altars:
Fedhas
Gozag
Hepliaklqana
Kikubaaqudgha
Makhleb
Okawaru
Ru
Uskayaw
Wu Jian
Xom
The Shining One


Innate Abilities, Weirdness & Mutations

You can breathe blasts of fire.
Your fiery red scales are hard. (AC +7)
You cannot fit into any form of body armour.
Your flesh is heat resistant. (rF+)
You are cold-blooded and may be slowed by cold attacks.
You have large cloven feet.
You tend to lose your temper in combat.
Scrolls take you a little longer to read.
Your magical capacity is low. (-10% MP)


Message History

Press: ? - help, Shift-Dir - straight line, f/p - orc wizard
Aim: an orc wizard, wielding a +0 dagger and wearing a +0 robe (fast, chance to blind on hit: 83%)
You throw an atropa-tipped dart.
The atropa-tipped dart closely misses the orc wizard.
The orc wizard barely misses you.
Throwing (i - inventory. (/) - cycle)
l - 5 atropa-tipped darts (quivered)
Press: ? - help, Shift-Dir - straight line, f/p - orc wizard
Aim: an orc wizard, wielding a +0 dagger and wearing a +0 robe (fast, chance to blind on hit: 83%)
You throw an atropa-tipped dart.
The atropa-tipped dart barely misses the orc wizard.
The orc wizard casts a spell at you. The magic dart hits you.
* * * LOW HITPOINT WARNING * * *
Press: ? - help, Shift-Dir - straight line, f/p - orc wizard
Aim: an orc wizard, wielding a +0 dagger and wearing a +0 robe (fast)
You breathe a blast of fire.
The fiery breath misses the orc wizard.
You are feeling hungry.
The orc wizard gestures at you while chanting.
The magic dart hits you.
You die...

..... .... ... #.#
###.######### .
#...).......# ..
#.#.#........ #..
#.#.#@#
#..##.#)#o# #
#.......).##
#.#...#......###
#......>.(.....#
.>.....##)#ยง###.#
# #.......(..##
..## #...(...##.#
... ##......O..##
#.##


You could see an orc wizard.

Vanquished Creatures
  Maurice (D:9)
  A hippogriff (D:8)
  A wyvern (D:9)
  A hungry ghost (D:8)
  A water moccasin (D:7)
  2 sky beasts
  12 orc warriors
  3 ogres
  2 ice beasts (D:8)
  A centaur (D:5)
  2 big kobolds
  6 bullfrogs
  2 scorpions
  6 killer bees (D:7)
  2 howler monkeys
  8 crimson imps
  2 bullfrog zombies
  4 jellies
  4 hounds
  4 orc priests
  4 orc wizards
  A bullfrog skeleton (D:4)
  5 worker ants
  A hound skeleton (D:6)
  A hound zombie (D:7)
  A howler monkey zombie (D:8)
  2 gnolls (Bailey)
  A howler monkey skeleton (D:6)
  9 adders
  3 oozes
  An adder skeleton (D:4)
  An adder zombie (D:8)
  5 worms
  4 dart slugs
  4 leopard geckos
  33 orcs
  2 ball pythons (D:3)
  7 giant cockroaches
  11 goblins
  12 hobgoblins
  2 iguanas
  5 quokkas
  A ball python skeleton (D:4)
  4 bats
  7 frilled lizards
  A jackal skeleton (D:4)
  A jackal zombie (D:5)
  28 kobolds
  10 rats
232 creatures vanquished.

Vanquished Creatures (collateral kills)
  An orc (D:9)
1 creature vanquished.

Vanquished Creatures (others)
  An adder (D:3)
1 creature vanquished.

Grand Total: 234 creatures vanquished

Notes
Turn   | Place    | Note
-------+----------+-------------------------------------------
     0 | D:1      | FishyPogo the Draconian Chaos Knight began the quest for
                  | the Orb.
     0 | D:1      | Reached XP level 1. HP: 19/19 MP: 1/1
    15 | D:1      | XOM: harmless Erth miscast
    72 | D:1      | XOM: silly message
    76 | D:1      | Reached XP level 2. HP: 19/26 MP: 2/2
   119 | D:1      | XOM: smoke on damage
   442 | D:1      | XOM: divination: detect items
   456 | D:1      | Found a glowing golden altar of the Shining One.
   592 | D:1      | Reached XP level 3. HP: 32/33 MP: 3/3
   617 | D:1      | XOM: silly message
   939 | D:2      | Reached XP level 4. HP: 41/41 MP: 4/4
  1086 | D:2      | XOM: divination: detect creatures
  1133 | D:2      | XOM: medium Air miscast
  1272 | D:2      | Found a blossoming altar of Fedhas.
  1425 | D:2      | XOM: summons 4 hostile shadow creatures
  1569 | D:3      | Reached skill level 5 in Fighting
  1576 | D:3      | Reached XP level 5. HP: 21/48 MP: 5/5
  1802 | D:3      | Found a shimmering altar of Xom.
  1802 | D:3      | XOM: 2-stop teleportation journey
  2148 | D:3      | XOM: stat loss: -1 Int (11/12)
  2306 | D:4      | XOM: swap monsters
  2310 | D:4      | XOM: noise
  2375 | D:4      | Reached XP level 6. HP: 48/57 MP: 6/6
  2602 | D:4      | XOM: mild Tloc miscast
  2645 | D:4      | Your scales start taking on a fiery red colour.
  2645 | D:4      | Reached XP level 7. HP: 39/64 MP: 7/7
  2645 | D:4      | Gained mutation: Your flesh is heat resistant. (rF+) [Red
                  | Draconian growth]
  2765 | D:4      | Found a staircase to the Ecumenical Temple.
  2871 | D:4      | Found a hazy altar of Hepliaklqana.
  3011 | D:5      | Entered Level 5 of the Dungeon
  3052 | D:5      | XOM: stat loss: -1 Int (11/12)
  3089 | D:5      | XOM: noise
  3098 | D:5      | Reached skill level 5 in Short Blades
  3163 | D:5      | Found a hide-covered altar of Uskayaw.
  3184 | D:5      | XOM: mild Chrm miscast
  3197 | D:5      | XOM: harmless Ice miscast
  3282 | D:5      | XOM: noise
  3295 | D:5      | Reached skill level 1 in Evocations
  3315 | D:5      | Found an ornate altar of the Wu Jian Council.
  3315 | D:5      | Found an opulent altar of Gozag.
  3316 | D:5      | Found an ancient bone altar of Kikubaaqudgha.
  3437 | D:5      | XOM: harmless Conj miscast
  3716 | D:6      | XOM: divination: detect creatures
  3749 | D:6      | Reached XP level 8. HP: 63/71 MP: 9/9
  3765 | D:6      | Reached skill level 5 in Dodging
  3799 | D:6      | Found an iron altar of Okawaru.
  3921 | D:6      | XOM: enchant monster (bad)
  3941 | D:6      | XOM: swap monsters
  4119 | D:6      | Learned a level 2 spell: Shroud of Golubria
  4123 | D:6      | Learned a level 3 spell: Regeneration
  4263 | D:6      | Reached skill level 1 in Throwing
  4388 | D:6      | XOM is BORED!
  4388 | D:6      | XOM: medium Hex miscast
  4418 | D:6      | Found a sacrificial altar of Ru.
  4514 | D:7      | XOM: 1-stop teleportation journey
  4525 | D:7      | XOM: confusion
  4526 | D:7      | XOM: swap monsters
  4583 | D:7      | Reached skill level 1 in Translocations
  4598 | D:7      | Found a flagged portal.
  4607 | Bailey   | Entered a bailey
  4788 | Bailey   | Reached skill level 1 in Charms
  4826 | Bailey   | XOM: noise
  4836 | Bailey   | Gained mutation: You expend magic power (3 MP) to
                  | strengthen your wands. [potion of mutation]
  4836 | Bailey   | Gained mutation: Scrolls take you a little longer to read.
                  | [potion of mutation]
  4836 | Bailey   | Gained mutation: You possess an exceptional clarity of
                  | mind. [potion of mutation]
  4886 | Bailey   | XOM: chaos upgrade
  4983 | Bailey   | Identified the +1 robe of Wasted Space {rF- rC- rN+++
                  | rCorr}
  5045 | Bailey   | XOM: chaos upgrade
  5049 | Bailey   | Reached skill level 1 in Axes
  5077 | Bailey   | XOM: 4-stop teleportation journey
  5124 | Bailey   | XOM: 5-stop teleportation journey
  5222 | Bailey   | XOM: summons 4 hostile demons
  5224 | Bailey   | Lost mutation: You possess an exceptional clarity of mind.
                  | [potion of mutation]
  5224 | Bailey   | Lost mutation: You expend magic power (3 MP) to strengthen
                  | your wands. [potion of mutation]
  5224 | Bailey   | Lost mutation: Scrolls take you a little longer to read.
                  | [potion of mutation]
  5224 | Bailey   | Gained mutation: Your magical capacity is low. (-10% MP)
                  | [potion of mutation]
  5224 | Bailey   | Gained mutation: You tend to lose your temper in combat.
                  | [potion of mutation]
  5224 | Bailey   | Gained mutation: You have large cloven feet. [potion of
                  | mutation]
  5225 | Bailey   | Gained mutation: Scrolls take you a little longer to read.
                  | [a neqoxec]
  5226 | Bailey   | XOM: smoke on damage
  5356 | D:7      | XOM: noise
  5357 | D:7      | Reached XP level 9. HP: 52/79 MP: 10/10
  5608 | D:7      | XOM: 3-stop teleportation journey
  5812 | D:7      | XOM: enchant monster (bad)
  5817 | D:7      | Reached skill level 1 in Spellcasting
  6103 | D:7      | XOM: swap monsters
  6105 | D:7      | Reached skill level 1 in Necromancy
  6158 | D:7      | XOM: summons 1 hostile demon
  6825 | D:8      | Found a burning altar of Makhleb.
  6907 | D:8      | XOM: medium Erth miscast
  6931 | D:8      | XOM: 7-stop teleportation journey
  6957 | D:8      | XOM: fake destruction
  7021 | D:8      | XOM: scenery: create altars
  7104 | D:8      | XOM: divination: detect items
  7113 | D:8      | Reached XP level 10. HP: 81/86 MP: 11/11
  7475 | D:9      | XOM: noise
  7483 | D:9      | Noticed Maurice
  7489 | D:9      | XOM: scenery: create altars
  7498 | D:9      | XOM: harmless Fire miscast
  7499 | D:9      | Paralysed by Maurice for 7 turns
  7515 | D:9      | XOM: smoke on damage
  7547 | D:9      | XOM: cloud trail
  7565 | D:9      | XOM: divination: detect items
  7605 | D:9      | Killed Maurice
  7687 | D:9      | XOM: cast spell 'Alistair's Intoxication'
  7696 | D:9      | XOM: cast spell 'Alistair's Intoxication'
  7724 | D:9      | Reached skill level 5 in Axes
  7863 | D:9      | HP: 3/86 [orc wizard/magic dart (5)]
  7864 | D:9      | Killed from afar by an orc wizard

Levels and vault maps discovered:
D:1:      minmay_arrival_diagonal_passages, layout_rooms, tso_metal_star
D:2:      layout_rooms, fedhas_altar_4, minmay_misc_feat_chi,
          minmay_misc_feat_tiny, hangedman_decor_diamond_cutter
D:3:      layout_basic, dk_xom_monty_hall
D:4:      layout_basic, marbit_many_paths, minmay_temple_entry_drinking_statues
D:5:      layout_cave_pools, gammafunk_temple_overflow_forgotten,
          old_standard_altar, first_ration
D:6:      layout_basic, lemuel_doored_altar, hex_medium,
          okawaru_metal_pillars_1_2
D:7:      layout_basic, enter_bailey_2
D:8:      layout_basic, lemuel_round_altar
D:9:      layout_loops_ring, hangedman_pestilent_swarm, minivault_15,
          uniq_maurice

Skill      XL: |  1  2  3  4  5  6  7  8  9 10 |
---------------+-------------------------------+-----
Fighting       | 4 5 6 7 |  7.1
Short Blades   | 4 5 6 |  6.3
Dodging        | 3 4 5 7 |  7.8
Evocations     | 1 2 4 |  4.7
Throwing       | 2 3 |  3.0
Translocations | 2 3 |  3.0
Charms         | 1 2 3 |  3.0
Axes           | 1 4 5 |  5.0
Spellcasting   | 1 |  1.0
Necromancy     | 2 3 |  3.0

Action                   |  1- 3 |  4- 6 |  7- 9 | 10-12 || total
-------------------------+-------+-------+-------+-------++-------
Melee: Short sword       |   142 |   147 |    30 |       ||   319
       Tailslap          |    13 |    38 |    91 |    21 ||   163
       Dagger            |       |   120 |   454 |    67 ||   641
       Kick              |       |       |    59 |    38 ||    97
       War axe           |       |       |   117 |    22 ||   139
Throw: Stone             |       |    16 |    21 |       ||    37
       Dart              |       |       |     3 |     3 ||     6
       Boomerang         |       |       |    14 |     4 ||    18
 Cast: Shroud of Golubri |       |       |     2 |     4 ||     6
       Regeneration      |       |       |       |     4 ||     4
 Abil: Breathe Fire      |       |       |    38 |     9 ||    47
  Use: Potion            |     1 |       |    12 |     1 ||    14
       Scroll            |       |       |    14 |     1 ||    15
 Stab: Confused          |     1 |       |     1 |       ||     2
       Sleeping          |       |     3 |       |       ||     3
       Petrifying        |       |     1 |     1 |       ||     2
       Paralysed         |       |       |     3 |     2 ||     5
       Petrified         |       |       |       |     2 ||     2
  Eat: Chunk             |       |     6 |    23 |     6 ||    35
Armor: Skin              |    58 |    87 |   180 |    21 ||   346
Dodge: Dodged            |    94 |   134 |   434 |    66 ||   728
